 Dungeon Crawl Stone Soup version 0.14-a0-1499-g388a102 (webtiles) character file.

202 Khlestharos the Firebug (level 4, -3/27 HPs)
             Began as a High Elf Fire Elementalist on Dec 16, 2013.
             Was a Plaything of Xom.
             Slain by an adder (4 damage)
             ... on Level 3 of the Dungeon.
             The game lasted 00:32:46 (1479 turns).

Khlestharos the Firebug (HEFE)                      Turns: 1479, Time: 00:32:46

HP  -3/27        AC  2     Str  6 (7)  XL: 4   Next: 98%
MP   3/12        EV 13     Int 19      God: Xom
Gold 66          SH  0     Dex 16      Spells:  3 memorised,  3 levels left

rFire  . . .     SeeInvis .     i - +1,+0 dagger (speed)
rCold  . . .     Clarity  .     a - +0 elf robe
rNeg   . . .     Conserve .     (no shield)
rPois  .         rCorr    .     (no helmet)
rElec  .         rRot     .     (no cloak)
SustAb . .       Spirit   .     (no gloves)
rMut   .         Warding  .     (no boots)
Saprov . . .     Stasis   .     (no amulet)
                                (no ring)
                                (no ring)

@: very slightly contaminated, slightly resistant to hostile enchantments,
fairly stealthy
A: no striking features
a: Renounce Religion


You were on level 3 of the Dungeon.
You worshipped Xom.
You were a plaything of Xom.
You were hungry.

You visited 1 branch of the dungeon, and saw 3 of its levels.

You collected 66 gold pieces.

Inventory:

Hand weapons
 i - a +1,+0 dagger of speed (weapon)
 m - a +1,+0 sling of evasion
Armour
 a - a +0 elven robe (worn)
Comestibles
 c - 2 bread rations
 h - 16 sultanas
Scrolls
 f - a scroll of identify {unknown}
Potions
 e - a potion of brilliance {unknown}
 g - a potion of mutation {unknown}
 j - a potion of flight
Books
 b - a book of Flames

   Spells                             Type                      Level
   *Flame Tongue                      Conjuration/Fire             1
   *Throw Flame                       Conjuration/Fire             2
   *Conjure Flame                     Conjuration/Fire             3
   Inner Flame                        Hexes/Fire                   3
   Sticky Flame                       Conjuration/Fire             4
   Fireball                           Conjuration/Fire             5


   Skills:
 + Level 0.2 Short Blades
 + Level 3.2 Dodging
 + Level 2.4 Stealth
 + Level 1.0 Unarmed Combat
 + Level 3.4 Spellcasting
 + Level 1.8 Conjurations
 + Level 4.0 Fire Magic


You had 3 spell levels left.
You knew the following spells:

 Your Spells              Type           Power        Failure   Level  Hunger
a - Flame Tongue          Conj/Fire      ##...        6%          1    None
b - Throw Flame           Conj/Fire      ##....       10%         2    ##.....
c - Conjure Flame         Conj/Fire      ##......     14%         3    ###....


Dungeon Overview and Level Annotations

Branches:
Dungeon (3/16)

Altars:
Xom
Yredelemnul


Message History

Press: ? - help, Shift-Dir - straight line It barely misses you.
Casting: Flame Tongue
Confirm with . or Enter, or press ? or * to list all spells.
Aiming: Flame Tongue
Press: ? - help, Shift-Dir - straight line You miscast Flame Tongue.
You are very lightly contaminated with residual magic.
Nothing appears to happen.
It bites you.
* * * LOW HITPOINT WARNING * * *
It bites you.
* * * LOW HITPOINT WARNING * * *
Casting: Flame Tongue
Confirm with . or Enter, or press ? or * to list all spells.
Aiming: Flame Tongue
Press: ? - help, Shift-Dir - straight line It bites you.
* * * LOW HITPOINT WARNING * * *
It bites you.
You die...

#.# ##.... #.#
####. #§## ##.
#..# #.. ##.#
#.. #§# #.. #§#
#..
#)##########.##
...
#...@§§........
##..
#..#####.......
#.. #..# .##.<
... #..# .. .
#... .. ##.## .
#.. ###


There were no monsters in sight!

Vanquished Creatures
  2 orc wizards (D:3)
  An adder (D:2)
  2 worms
  An ooze (D:1)
  4 orcs (D:3)
  2 giant cockroaches
  8 goblins
  6 hobgoblins
  3 jackals (D:2)
  6 kobolds
  2 quokkas
  7 bats
  5 giant newts
  12 rats
61 creatures vanquished.

Notes
Turn   | Place    | Note
--------------------------------------------------------------
     0 | D:1      | Khlestharos, the High Elf Fire Elementalist, began the quest for the Orb.
     0 | D:1      | Reached XP level 1. HP: 11/11 MP: 4/4
   169 | D:1      | Reached XP level 2. HP: 10/17 MP: 0/6
   645 | D:1      | Reached XP level 3. HP: 11/21 MP: 4/8
  1161 | D:3      | Reached XP level 4. HP: 14/27 MP: 5/12
  1293 | D:3      | Found a basalt altar of Yredelemnul.
  1293 | D:3      | Found a shimmering altar of Xom.
  1312 | D:3      | Became a worshipper of Xom of Chaos
  1326 | D:3      | XOM: divination: detect items
  1336 | D:3      | Learned a level 3 spell: Conjure Flame
  1348 | D:3      | XOM: noise
  1366 | D:3      | Reached skill level 1 in Unarmed Combat
  1417 | D:3      | Learned a level 2 spell: Throw Flame
  1438 | D:3      | XOM: colour smoke trail
  1453 | D:3      | Reached skill level 4 in Fire Magic
  1459 | D:3      | XOM: enchant monster (bad)
  1477 | D:3      | HP: 1/27 [something (3)]
  1479 | D:3      | Slain by an adder

Action                   |  1- 3 |  4- 6 || total
-------------------------+-------+-------++-------
Melee: Unarmed           |    98 |       ||    98
       Short sword       |       |    22 ||    22
       Sling             |       |     3 ||     3
       Dagger            |       |     1 ||     1
 Cast: Flame Tongue      |    84 |    24 ||   108
       Throw Flame       |       |     3 ||     3
       Conjure Flame     |       |     1 ||     1
  Use: Scroll            |     5 |       ||     5
       Potion            |       |     4 ||     4
 Stab: Sleeping          |     1 |       ||     1
